Map: Blood Boil LE

Players

RTL - Winner!

  • Race: Terran Terran
  • League: Platinum
  • Spawn Location: 5:00

Juxtapose

  • Race: Zerg Zerg
  • Spawn Location: 11:00

VOD

https://youtu.be/MPNglyorzlw

Description

Since I've maxed the Versus AI, there's nothing more for me to gain from playing the AI and I've decided to go back to facing human opponents.

Since Unranked puts me in Ranked matches and I don't get the credit for it, I might as well play Ranked.

So this is my first Ranked match of StarCraft II ever, my first Placement Match, and its against a Platinum opponent. For those of you who've been watching my videos, you know Platinum is a league I have issues with.

I originally was expecting Banshee harassment, and was happy I was able to fight off the original drop. Why oh why didn't I go for Roaches and Ravagers though, as that would have shut much of my opponent down.

Didn't think of that until after, so hopefully I'll remember for next time.

Time

  • Played on: July 15, 2017, 4:36 p.m.
  • Length: 8:50
Show
View Real Time Build Order
Export as new Build Order

RTL Terran - Winner!

Build Orders:  

Get SALT Encoding   

  12  0:00  SCV, Unknown  
  13  0:12  SCV  
  14  0:19  Supply Depot  
  14  0:24  SCV  
  15  0:41  SCV  
  15  0:42  Barracks  
  16  0:51  Supply Depot  
  16  0:53  SCV  
  17  0:58  Refinery  
  17  1:05  SCV  
  18  1:17  SCV  
  19  1:19  Refinery  
  19  1:29  Orbital Command  
  19  1:34  Barracks  
  19  1:43  Marine  
  20  1:56  SCV  
  20  1:57  Factory  
  20  2:00  Marine  
  22  2:08  SCV  
  23  2:20  SCV, Barracks Reactor  
  24  2:25  Supply Depot  
  24  2:27  Barracks Reactor  
  24  2:32  SCV  
  25  2:40  Widow Mine  
  25  2:42  Starport  
  27  2:44  SCV  
  27  2:50  Engineering Bay  
  28  2:57  Marine x2  
  30  3:05  Marine x2  
  32  3:09  Widow Mine  
  34  3:13  Supply Depot  
  34  3:22  Missile Turret  
  34  3:31  Marine x2  
  36  3:34  Barracks Tech Lab  
  36  3:37  Medivac  
  36  3:38  Medivac  
  40  3:45  Widow Mine  
  42  3:49  Marine  
  43  4:11  Command Center  
  43  4:22  Factory Tech Lab  
  43  4:25  Marine x2  
  43  4:26  Marine  
  43  4:27  Stimpack  
  46  4:35  Barracks  
  46  4:41  SCV  
  46  4:44  Supply Depot  
  47  5:05  Siege Tank  
  44  5:27  Marine x3  
  40  5:39  Siege Tank, Medivac x2  
  40  5:41  Marine  
  48  5:45  SCV, Marine x3  
  48  5:46  Orbital Command  
  52  5:59  Marine  
  53  6:09  Marine x2  
  55  6:11  Widow Mine  
  55  6:16  SCV  
  54  6:22  Command Center  
  54  6:37  Barracks Reactor  
  54  6:38  Marine x2  
  56  6:40  Medivac  
  56  6:41  Medivac  
  56  6:44  SCV  
  56  6:46  Barracks  
  61  6:56  SCV  
  62  7:12  Marine x3  
  64  7:28  Marine x2  
  66  7:30  Siege Tank, Marine  
  66  7:33  Marine x2  
  66  7:35  Barracks Reactor  
  66  7:36  Supply Depot  
  69  7:46  Marine  
  69  7:48  Marine  
  71  7:51  Marine x2  
  71  8:06  Marine x3  
  71  8:09  Marine x2  
  76  8:23  Marine x2  
  76  8:24  Marine  
  79  8:27  Marine x2  
Show
View Real Time Build Order
Export as new Build Order

Juxtapose Zerg 

Build Orders: Pool First 

Get SALT Encoding   

  12  0:00  Unknown  
  12  0:01  Drone  
  13  0:14  Overlord  
  13  0:19  Drone  
  14  0:33  Drone  
  14  0:34  Drone  
  16  0:47  Spawning Pool  
  16  0:48  Drone  
  16  0:54  Overlord  
  16  1:00  Drone  
  16  1:02  Extractor  
  16  1:10  Drone  
  17  1:28  Drone  
  18  1:40  Queen  
  18  1:42  Hatchery  
  18  1:46  Drone  
  20  1:50  Drone  
  20  1:54  Zergling x2  
  22  2:04  Zergling x2  
  23  2:17  Drone  
  24  2:24  Extractor  
  24  2:26  Zergling x2  
  24  2:29  Queen  
  26  2:40  Spore Crawler  
  26  2:41  Drone  
  26  2:56  Drone x4  
  30  3:03  Drone  
  31  3:09  Queen  
  31  3:12  Drone  
  34  3:22  Spore Crawler  
  33  3:43  Lair  
  33  3:44  Queen  
  35  3:52  Drone  
  35  3:53  Overlord x2  
  36  4:17  Extractor  
  36  4:21  Metabolic Boost  
  35  4:34  Drone x6  
  35  4:35  Drone x7  
  48  4:59  Hatchery  
  47  5:02  Zergling x8  
  47  5:03  Zergling x2  
  33  5:20  Queen  
  33  5:35  Queen  
  33  5:45  Overseer  
  33  5:55  Drone, Queen  
  33  5:56  Drone x5  
  41  6:07  Zergling x2  
  41  6:11  Queen  
  43  6:22  Infestation Pit  
  42  6:27  Overlord x2  
  42  6:30  Drone x3  
  42  6:31  Drone x3  
  48  6:43  Drone x3  
  51  6:52  Pneumatized Carapace  
  51  7:00  Drone  
  51  7:01  Drone x2  
  47  7:14  Infestor x3  
  53  7:16  Pathogen Glands  
  53  7:21  Zergling x8  
  53  7:22  Zergling x2  
  58  7:30  Drone x4  
  52  7:51  Zergling x8  
  46  7:53  Zergling x2  
  22  8:24  Zergling x8  
Tags
 
League
Platinum
Matchup
TvZ
Opening
Pool First
Spawn Locations
Cross Positions
Add a new tag
Caveats
  • Supply blocks, unpowered buildings, or Contaminate may cause inaccurate times.
  • Supply counts are checked every 10 seconds.